 Dungeon Crawl Stone Soup version 0.29.0-5-ge4962eb29e (webtiles) character file.

Game seed: 16628780140702235394

6746 themarg the Destroyer (level 11, -4/67 HPs)
             Began as a Tengu Conjurer on Aug 29, 2022.
             Was a Follower of Vehumet.
             Slain by a black mamba (14 damage)
             ... on level 2 of the Lair of Beasts.
             The game lasted 00:57:27 (12783 turns).

themarg the Destroyer (Tengu Conjurer)             Turns: 12783, Time: 00:57:28

Health: -4/67      AC:  6    Str:  8    XL:     11   Next: 4%
Magic:  24/31      EV: 18    Int: 26    God:    Vehumet [*.....]
Gold:   718        SH:  0    Dex: 12    Spells: 4/23 levels left

rFire   + . .      SeeInvis .   s - +8 hammer "Concordance" {holy, Int+3}
rCold   + . .      Faith    .   (no shield)
rNeg    . . .      Spirit   .   C - +2 robe {rC+ rF+}
rPois   .          Reflect  .   (helmet restricted)
rElec   .          Harm     .   K - +1 cloak
rCorr   .          Rampage  .   (no gloves)
Will    .....                   (boots unavailable)
Stlth   ++++......              (no amulet)
HPRegen 0.21/turn               e - ring of wizardry
MPRegen 0.22/turn               y - ring of magical power

@: flying quickly and evasively, quick
A: beak, talons 3, nimble flight
a: Renounce Religion


You were on level 2 of the Lair of Beasts.
You worshipped Vehumet.
Vehumet was aware of your devotion.
You visited 3 branches of the dungeon, and saw 12 of its levels.

You collected 718 gold pieces.

Inventory:

Hand Weapons
 s - the +8 hammer "Concordance" (weapon) {holy, Int+3}
   (You found it on level 5 of the Dungeon)

   It has been blessed by the Shining One to cause great damage to the undead
   and demons.
   Int:       It affects your intelligence (+3).
Missiles
 H - a curare-tipped dart
 L - 6 poisoned darts
Armour
 C - a +2 robe of resistance (worn)
 K - a +1 cloak (worn)
Jewellery
 e - a ring of wizardry (left hand)
 l - a ring of see invisible
 u - a ring of ice
 y - a ring of magical power (right hand)
 E - a ring of willpower
Wands
 o - a wand of light (11)
 q - a wand of charming (31)
 G - a wand of iceblast (11)
 J - a wand of digging (5)
 N - a wand of flame (15)
Scrolls
 a - a scroll of torment {unknown}
 b - a scroll of immolation {unknown}
 f - 2 scrolls of vulnerability
 g - 2 scrolls of fear {unknown}
 i - 6 scrolls of teleportation
 j - 4 scrolls of blinking
 m - a scroll of magic mapping
 r - 2 scrolls of poison {unknown}
 t - a scroll of fog {unknown}
 x - 2 scrolls of noise {unknown}
 D - 2 scrolls of amnesia {unknown}
 I - 2 scrolls of summoning {unknown}
Potions
 c - a potion of invisibility {unknown}
 d - 2 potions of ambrosia
 h - 5 potions of brilliance
 k - 2 potions of heal wounds
 n - 11 potions of curing
 p - 3 potions of degeneration
 v - 2 potions of attraction {unknown}
 w - a potion of cancellation {unknown}
 z - a potion of flight {unknown}
 A - a potion of berserk rage {unknown}
 B - 3 potions of mutation
 F - a potion of magic
 M - a potion of might {unknown}


   Skills:
 + Level 7.0 Fighting
 - Level 1.1 Short Blades
 - Level 1.2 Maces & Flails
 + Level 8.1 Dodging
 + Level 8.1 Stealth
 + Level 6.7 Spellcasting
 + Level 11.7 Conjurations
 - Level 1.0 Translocations
 * Level 0.0 Air Magic


You had 4 spell levels left.
You knew the following spells:

 Your Spells              Type           Power      Damage    Failure   Level
a - Magic Dart            Conj           100%       1d8       1%          1
b - Searing Ray           Conj           100%       2d8       1%          2
c - Iskenderun's Mystic   Conj/Tloc      42%        2d10      1%          4
d - Fulminant Prism       Conj/Hex       19%        3d11      2%          4
e - Hailstorm             Conj/Ice       39%        3d9       2%          4
f - Summon Lightning Spi  Summ/Air       8%         N/A       26%         4

Your spell library contained the following spells:

 Spells                   Type           Power      Damage    Failure   Level
 Static Discharge         Conj/Air       39%        3-8/arc   1%          2
 Dazzling Flash           Conj/Hex       78%        N/A       1%          3
 Freeze                   Ice            32%        1d5       2%          1
 Poisonous Vapours        Pois/Air       16%        N/A       4%          2
 Frozen Ramparts          Ice            16%        1d3       8%          3
 Tukima's Dance           Hex            8%         N/A       8%          3
 Passage of Golubria      Tloc           14%        N/A       16%         4
 Corpse Rot               Necr/Pois/Air  8%         N/A       26%         4
 Leda's Liquefaction      Hex/Erth       4%         N/A       26%         4
 Lee's Rapid Deconstruct  Erth           4%         3d6*      54%         5
 Yara's Violent Unravell  Hex/Tmut       4%         3d4       54%         5
 Statue Form              Tmut/Erth      5%         N/A       98%         6
 Storm Form               Tmut/Air       4%         N/A       100%        7
 Maxwell's Capacitive Co  Air            4%         ∞         100%        8


Dungeon Overview and Level Annotations

Branches:
Dungeon (9/15)             Temple (1/1) D:5            Lair (2/5) D:9
  Snake (0/4) Lair:2
  Swamp: Lair:2-3    Shoals: Lair:2-3       Orc: D:9-12

Altars:
Ashenzari
Cheibriados
Dithmenos
Elyvilon
Fedhas
Gozag
Hepliaklqana
Kikubaaqudgha
Makhleb
Nemelex Xobeh
Okawaru
Ru
Sif Muna
Trog
Uskayaw
Vehumet
Wu Jian
Xom
Yredelemnul
Zin
The Shining One

Shops:
D:8 (

Annotations:
D:5 Dowan, Duvessa, Edmund
D:6 1 runed translucent door, RevDB's ghost, novice DrCj
D:7 1 runed translucent door, Arex's ghost, novice TrCK


Innate Abilities, Weirdness & Mutations

You have a beak for a mouth.
You have claws for feet.
Your magical nature lets you fly swiftly and evasively.


Message History

Press: ? - help, Dir - move target, p - black mamba You conjure a prism of explosive energy!
A fulminant prism comes into view.
The black mamba bites your fulminant prism!
Your fulminant prism detonates feebly.
Casting: Fulminant Prism (dangerous; 2% risk of failure)
Confirm with . or Enter, or press ? or * to list all spells.
An electric hum fills the air.
Your lightning spire shoots out a bolt of lightning at the black mamba!
The bolt of electricity hits the black mamba!
You miss the black mamba.
You claw the black mamba, but do no damage.
The black mamba is moderately wounded.
The black mamba barely misses you.
Your lightning spire shoots out a bolt of lightning at the black mamba!
The bolt of electricity hits the black mamba!
The black mamba misses you.
Your lightning spire shoots out a bolt of lightning at the black mamba!
The bolt of electricity hits the black mamba.
You hit the black mamba.
You claw the black mamba, but do no damage.
Your punch misses the black mamba.
The black mamba is severely wounded.
The black mamba barely misses you. The black mamba bites you!
You are poisoned.
The black mamba poisons you! The black mamba bites you!
You are lethally poisoned!
The black mamba poisons you!
You thump the black mamba!
You peck the black mamba, but do no damage.
The black mamba is almost dead.
You feel extremely sick. The black mamba bites you!
* * * LOW HITPOINT WARNING * * *
Your lightning spire shoots out a bolt of lightning at the black mamba!
The bolt of electricity misses the black mamba.
The black mamba bites you!
* * * LOW HITPOINT WARNING * * *
You feel better. The black mamba bites you!
You die...

*,,,,,.,,.....#,,,**,,,
*,,,,,.,,......,,***,,*
*,****.##......,,,,,,**
####* *#....#...,,,,,,,*
#..## #.....#*,,,,,,,**
##.P# ##..8.##*,,,,,,,,*
#..####......#.,,,***,,,
##.....S........,,,**,,,
##..#..@........,,,,,,,,
#...............,,,,,,,*
##..............,,,,,,,*
##..............,,,,,,,*
*#...............,,,,,,,*
#................,,,,,,,,
##............[.,,,,,,,,,
#..............,,,,,,,,,
#P........(...,,,,,,,,,,


You could see a black mamba (ally target) and a friendly lightning spire
(summoned).

Vanquished Creatures
  Maurice (D:8)
  Maggie (Lair:1)
  A komodo dragon (D:9)
  5 blink frogs
  A shadow (D:9)
  A wyvern (Lair:1)
  3 steam dragons
  An acid dragon (D:9)
  4 water moccasins
  2 ice beasts (D:6)
  A black bear (D:6)
  4 orc warriors
  2 wolves (Lair:2)
  A sky beast (D:6)
  2 ogres
  A centaur (D:5)
  A phantom (D:5)
  A kobold brigand (D:8)
  4 bullfrogs
  A gnoll sergeant (D:9)
  4 scorpions
  9 wights (D:7)
  8 killer bees
  2 howler monkeys
  6 orc priests
  2 hounds (D:4)
  3 jellies
  Crazy Yiuf (D:5)
  6 iguanas
  11 orc wizards
  9 gnolls
  5 adders
  3 shadow imps
  A white imp (D:5)
  2 ufetubi
  5 dart slugs
  16 orcs
  4 ball pythons
  5 endoplasms
  6 giant cockroaches
  8 goblins
  7 hobgoblins
  6 jackals
  11 kobolds
  4 quokkas
  4 bats
  2 frilled lizards (D:1)
  4 rats
192 creatures vanquished.

Vanquished Creatures (others)
  65 fulminant prisms
  22 fungi
  16 plants
103 creatures vanquished.

Grand Total: 295 creatures vanquished

Notes
Turn   | Place    | Note
-------+----------+-------------------------------------------
     0 | D:1      | themarg the Tengu Conjurer began the quest for the Orb.
     0 | D:1      | Reached XP level 1. HP: 10/10 MP: 4/4
   200 | D:1      | Reached XP level 2. HP: 15/15 MP: 3/6
   203 | D:1      | Learned a level 2 spell: Searing Ray
   658 | D:1      | Found a faded altar of an unknown god.
   697 | D:1      | Got Plato's Folio of Hypothermia
   833 | D:1      | Reached XP level 3. HP: 20/20 MP: 5/7
  1873 | D:2      | Reached skill level 6 in Conjurations
  2193 | D:2      | Reached XP level 4. HP: 24/24 MP: 4/8
  2195 | D:2      | Reached skill level 1 in Fighting
  3058 | D:4      | Gained mutation: Your magical nature lets you fly swiftly
                  | and evasively. [Tengu growth]
  3058 | D:4      | Reached XP level 5. HP: 29/29 MP: 5/9
  3858 | D:4      | Reached XP level 6. HP: 18/35 MP: 7/11
  3874 | D:4      | Reached skill level 7 in Conjurations
  4276 | D:5      | Entered Level 5 of the Dungeon
  4280 | D:5      | Noticed Edmund
  4543 | D:5      | Reached skill level 1 in Short Blades
  4617 | D:5      | Found a runed translucent door.
  4618 | D:5      | Noticed Crazy Yiuf
  4625 | D:5      | Killed Crazy Yiuf
  4626 | D:5      | Reached XP level 7. HP: 40/40 MP: 6/12
  4771 | D:5      | Identified the +8 hammer "Concordance" {holy, Int+3}
  4939 | D:5      | Found a staircase to the Ecumenical Temple.
  5267 | D:5      | Reached skill level 1 in Maces & Flails
  5384 | Temple   | Entered the Ecumenical Temple
  5580 | D:5      | Reached skill level 1 in Translocations
  5886 | D:5      | Noticed Dowan
  6266 | D:5      | Reached skill level 8 in Conjurations
  6394 | D:5      | Noticed Duvessa
  6501 | D:6      | Reached XP level 8. HP: 46/46 MP: 9/14
  6628 | D:6      | Identified the +1 short sword of Uren {protect, rN+++ Will-
                  | rCorr MP+9}
  6798 | D:6      | Found a radiant altar of Vehumet.
  6809 | D:6      | Became a worshipper of Vehumet
  6922 | D:6      | Noticed RevDB's ghost (novice DrCj)
  6925 | D:6      | Found a runed translucent door.
  6998 | D:6      | Reached skill level 9 in Conjurations
  7242 | D:5      | Learned a level 4 spell: Iskenderun's Mystic Blast
  7247 | D:5      | Learned a level 4 spell: Fulminant Prism
  7292 | D:6      | Reached skill level 5 in Dodging
  7436 | D:6      | Found a blossoming altar of Fedhas.
  7562 | D:6      | Reached skill level 5 in Stealth
  7799 | D:6      | Found a shadowy altar of Dithmenos.
  7951 | D:6      | Found a white marble altar of Elyvilon.
  7962 | D:6      | Found a hide-covered altar of Uskayaw.
  8168 | D:7      | Reached XP level 9. HP: 47/52 MP: 13/16
  8255 | D:7      | Found a runed translucent door.
  8255 | D:7      | Found a shimmering altar of Xom.
  8255 | D:7      | Noticed a +2 falchion of chaos
  8255 | D:7      | Noticed Arex's ghost (novice TrCK)
  8362 | D:7      | Reached skill level 5 in Spellcasting
  8568 | D:7      | Reached skill level 5 in Fighting
  8568 | D:7      | Reached skill level 10 in Conjurations
  9674 | D:8      | Reached * piety under Vehumet
  9674 | D:8      | Offered knowledge of Foxfire by Vehumet.
  9833 | D:8      | Noticed Maurice
  9852 | D:8      | Killed Maurice
  9853 | D:8      | Reached XP level 10. HP: 60/60 MP: 9/19
 10146 | D:8      | Found Nopewip's Weapon Shoppe.
 10871 | D:9      | Found a staircase to the Lair.
 10878 | D:9      | Reached skill level 11 in Conjurations
 11958 | Lair:1   | Entered Level 1 of the Lair of Beasts
 12253 | Lair:1   | Noticed Maggie
 12259 | Lair:1   | Killed Maggie
 12474 | Lair:1   | You are sucked into a shaft and drop 1 floor!
 12481 | Lair:2   | Offered knowledge of Static Discharge by Vehumet.
 12507 | Lair:1   | Noticed a catoblepas
 12508 | Lair:1   | Noticed a cane toad
 12564 | Lair:2   | Reached XP level 11. HP: 66/66 MP: 22/22
 12761 | Lair:2   | Learned a level 4 spell: Hailstorm
 12766 | Lair:2   | Learned a level 4 spell: Summon Lightning Spire
 12782 | Lair:2   | HP: 3/67 [black mamba (14)]
 12783 | Lair:2   | Slain by a black mamba

Illustrated notes

Levels and vault maps discovered:
D:1:      dpeg_arrival_brainrot, layout_basic,
          shapermc_ecumenical_altar_rom_forum, dreamdust_wishing_well
D:2:      layout_loops_corners
D:3:      layout_rooms
D:4:      layout_loops_ring, minmay_misc_feat_secret_circle
D:5:      layout_loops_corners, minmay_temple_entry_purple_smoke, uniq_edmund,
          uniq_crazy_yiuf_cottage, uniq_duvessa
D:6:      layout_loops_ring, mainiacjoe_overflow_alcove_4,
          nicolae_overflow_quartered_altars, hellmonk_ghost_happy_afterlife,
          kennysheep_small_circle
D:7:      minmay_spotlight, layout_basic, ebering_ghost_xom
D:8:      layout_cave_pools, serial_shops, nicolae_shop_bloodbath_and_beyond,
          uniq_maurice
D:9:      layout_stronghold, due_lair_maze_entry_diamond
Temple:   nicolae_temple_elliptical
Lair:1:   layout_cave_pods, infiniplex_staircase_pool, grunt_megastairs_4,
          uniq_maggie
Lair:2:   layout_cave_shapes, dummy_snake_entry, grunt_megastairs_2

Skill      XL: |  1  2  3  4  5  6  7  8  9 10 11 |
---------------+----------------------------------+-----
Conjurations   | 6 7 8 9 10 11 | 11.7
Fighting       | 1 2 3 4 5 6 7 |  7.0
Dodging        | 3 4 5 6 8 |  8.1
Stealth        | 3 4 5 6 8 |  8.1
Spellcasting   | 3 4 5 6 |  6.7
Short Blades   | 1 |  1.1
Maces & Flails | 1 |  1.2
Translocations | 1 |  1.0

Action                   |  1- 3 |  4- 6 |  7- 9 | 10-12 || total
-------------------------+-------+-------+-------+-------++-------
Melee: Dagger            |     1 |       |       |       ||     1
       Mace              |       |       |     6 |    16 ||    22
       Kick              |       |       |     3 |     6 ||     9
       Peck              |       |       |     1 |     5 ||     6
 Cast: Magic Dart        |    65 |    49 |    61 |    15 ||   190
       Searing Ray       |     4 |    19 |    44 |    15 ||    82
       Fulminant Prism   |       |       |    28 |    37 ||    65
       Iskenderun's Myst |       |       |     3 |    27 ||    30
       Summon Lightning  |       |       |       |     1 ||     1
  Use: Scroll            |       |     5 |     2 |     5 ||    12
       Potion            |       |       |     1 |     1 ||     2
Armor: Robe              |     1 |     1 |     1 |     7 ||    10
Dodge: Dodged            |     3 |     8 |    39 |    38 ||    88
